 Dungeon Crawl Stone Soup version 0.29-a0-338-g1ff7896281 (webtiles) character file.

Game seed: 6784892477113099420

769 greenreed the Vexing (level 7, 0/53 HPs)
             Began as a Gnoll Arcane Marksman on Apr 17, 2022.
             Was an Initiate of Ashenzari.
             Slain by an orc warrior
             ... wielding a +0 scimitar
              (19 damage)
             ... on level 5 of the Dungeon.
             The game lasted 00:23:17 (4647 turns).

greenreed the Vexing (Gnoll Arcane Marksman)        Turns: 4647, Time: 00:23:20

Health: 0/53       AC:  2    Str: 11    XL:     7   Next: 82%
Magic:  12/13      EV: 14    Int: 12    God:    Ashenzari [......]
Gold:   82         SH:  0    Dex: 13    Spells: 13/14 levels left

rFire   . . .      SeeInvis .   F - +3 hand axe of Compassion {freeze, rElec}
rCold   . . .      Faith    .   (no shield)
rNeg    . . .      Spirit   .   b - +0 robe
rPois   .          Reflect  .   (no helmet)
rElec   +          Harm     .   (no cloak)
rCorr   .          Rampage  .   (no gloves)
Will    .....                   (no boots)
Stlth   ++........              o - amulet of regeneration
HPRegen 0.97/turn               H - ring of wizardry
MPRegen 0.13/turn               (no ring)

@: no status effects
A: fangs 1, strong nose, distributed training
a: Renounce Religion, Curse Item


You were on level 5 of the Dungeon.
You worshipped Ashenzari.
Ashenzari was noncommittal.
You visited 2 branches of the dungeon, and saw 6 of its levels.

You collected 186 gold pieces.
You spent 104 gold pieces at shops.

Inventory:

Hand Weapons
 a - a +0 shortbow
 t - a +0 vorpal mace
 x - a +0 dagger of venom
 F - the +3 hand axe of Compassion (weapon) {freeze, rElec}
   (You found it on level 4 of the Dungeon)

   It freezes those it strikes, dealing additional cold damage.
   It can also slow down cold-blooded creatures.
   rElec:     It insulates you from electricity.
 G - a +1 short sword of freezing
 K - a +0 arbalest
Missiles
 q - 11 poisoned darts (quivered)
 w - 5 atropa-tipped darts
Armour
 b - a +0 robe (worn)
 A - the +1 scale mail "Tilag" {rF- rC++ SInv}
   (You found it on level 3 of the Dungeon)

   rF:        It makes you vulnerable to fire.
   rC:        It greatly protects you from cold.
   SInv:      It lets you see invisible.
Magical Staves
 n - a staff of death
Jewellery
 o - an amulet of regeneration (around neck)
 H - a ring of wizardry (left hand)
Scrolls
 c - 3 scrolls of vulnerability
 d - 2 scrolls of summoning {unknown}
 f - 4 scrolls of teleportation {unknown}
 h - 2 scrolls of enchant weapon {unknown}
 k - a scroll of torment {unknown}
 l - 2 scrolls of enchant armour {unknown}
 m - 3 scrolls of noise {unknown}
 p - a scroll of brand weapon {unknown}
 y - 2 scrolls of magic mapping {unknown}
 C - a scroll of blinking {unknown}
 D - a scroll of immolation {unknown}
 E - a scroll of fog {unknown}
 I - a scroll of fear {unknown}
Potions
 e - a potion of magic {unknown}
 g - a potion of degeneration {unknown}
 i - 3 potions of haste {unknown}
 j - a potion of flight {unknown}
 r - 2 potions of cancellation {unknown}
 s - 2 potions of berserk rage {unknown}
 u - a potion of might {unknown}
 v - 3 potions of curing
 z - a potion of attraction {unknown}
 B - a potion of brilliance {unknown}
 J - 2 potions of heal wounds


   Skills:
 + Level 3.8 Fighting
 + Level 2.7 Short Blades
 + Level 2.7 Long Blades
 + Level 2.7 Axes
 + Level 2.7 Maces & Flails
 + Level 2.7 Polearms
 + Level 2.7 Staves
 + Level 2.7 Slings
 + Level 5.4 Bows
 + Level 2.7 Crossbows
 + Level 2.7 Throwing
 + Level 2.7 Armour
 + Level 5.4 Dodging
 + Level 2.7 Stealth
 + Level 2.7 Shields
 + Level 2.7 Unarmed Combat
 + Level 4.0 Spellcasting
 + Level 2.2 Conjurations
 + Level 5.9 Hexes
 + Level 2.2 Summonings
 + Level 2.2 Necromancy
 + Level 2.2 Translocations
 + Level 2.2 Transmutations
 + Level 2.2 Fire Magic
 + Level 2.2 Ice Magic
 + Level 2.2 Air Magic
 + Level 2.2 Earth Magic
 + Level 2.2 Poison Magic
 + Level 3.0 Invocations
 + Level 2.7 Evocations


You had 13 spell levels left.
You knew the following spells:

 Your Spells              Type           Power      Damage    Failure   Level
a - Slow                  Hex            64%        N/A       1%          1

Your spell library contained the following spells:

 Spells                   Type           Power      Damage    Failure   Level
 Inner Flame              Hex/Fire       12%        N/A       4%          3
 Portal Projectile        Hex/Tloc       24%        N/A       4%          3
 Cause Fear               Hex            8%         N/A       8%          4
 Conjure Flame            Conj/Fire      7%         6-21      11%         3
 Ignite Poison            Fire/Tmut/Pois 7%         N/A       11%         3
 Sticky Flame             Conj/Fire      7%         2d3       32%         4


Dungeon Overview and Level Annotations

Branches:
Dungeon (5/15)             Temple (1/1) D:4

Altars:
Ashenzari
Cheibriados
Dithmenos
Elyvilon
Fedhas
Hepliaklqana
Kikubaaqudgha
Makhleb
Nemelex Xobeh
Okawaru
Qazlal
Sif Muna
Uskayaw
Vehumet
Wu Jian
Xom
Yredelemnul
Zin

Shops:
D:4 (!


Innate Abilities, Weirdness & Mutations

You have very sharp teeth.
Your uncanny sense of smell can sniff out nearby items.
Your experience applies equally to all skills.


Message History

The orc wizard mumbles some strange words.
The orc wizard flickers and vanishes!
Deactivating autopickup; reactivate with Ctrl-A.
You barely miss something. Something hits you but does no damage.
You closely miss something. You bite something. Something hits you.
You slash something! You freeze something.
Reactivating autopickup.
You feel a bit more experienced.
The orc throws a stone.
The stone hits you.
The orc throws a stone.
The stone closely misses you.
Your Spellcasting skill increases to level 4!
The orc hits you with a +0 whip.
Items here: )) ? [ †.
You closely miss the orc. The orc hits you with a +0 whip.
You hit the orc but do no damage. The orc hits you but does no damage.
You hit the orc. You freeze the orc.
The orc is almost dead.
The orc barely misses you.
You closely miss the orc.
The orc is almost dead.
The orc closely misses you.
You closely miss the orc.
The orc is almost dead.
The orc warrior shouts!
The orc completely misses you. The orc attacks as you move away!
The orc hits you with a +0 whip.
You hit the orc. You freeze the orc.
You kill the orc!
The orc priest mumbles some strange prayers to Beogh against you.
Pain shoots through your body!
You barely miss the orc warrior.
The orc priest looks encouraged for a moment.
The orc warrior hits you with a +0 scimitar!!
Casting: Slow (safe; 1% risk of failure)
Confirm with . or Enter, or press ? or * to list all spells.
Aiming: Slow (safe; 1% risk of failure)
Press: ? - help, Shift-Dir - straight line, f - orc warrior
Aim: an orc warrior, wielding a +0 scimitar and wearing a +0 plate armour (chance to affect: 55%)
The orc warrior resists with significant effort.
The orc warrior hits you with a +0 scimitar!!
You die...

########.<#<# #..
.........)#.# #.###
########..#.# #.#<# #..#.#
#.#.# #######[.#.### ∆
#.#o# #........#.... #.#o#
#........#.###
#.#.#######........#....
####...#.o@..#######..#.#..
#....###o###.# ####..#.#..
#........# #.####.....#.'..
#....##..# #....#.###.###..
#....##..# ###......#......
#....##..# #......)..####
####.##..# #.........#
#+#.... #.........# ..#.
...........#


You could see an orc warrior and an orc priest.

Vanquished Creatures
  An ogre (D:4)
  A scorpion (D:4)
  3 hounds
  3 orc priests
  2 jellies
  2 iguanas
  7 orc wizards
  A gnoll (D:1)
  2 adders
  A shadow imp (D:5)
  3 worms
  3 dart slugs
  26 orcs
  4 endoplasms
  6 giant cockroaches
  2 goblins
  3 hobgoblins
  6 jackals
  8 kobolds
  6 quokkas
  A ball python (D:4)
  3 bats
  4 frilled lizards
  5 rats
103 creatures vanquished.

Notes
Turn   | Place    | Note
-------+----------+-------------------------------------------
     0 | D:1      | greenreed the Gnoll Arcane Marksman began the quest for the
                  | Orb.
     0 | D:1      | Reached XP level 1. HP: 17/17 MP: 4/4
   124 | D:1      | Reached XP level 2. HP: 12/23 MP: 5/5
   435 | D:1      | Reached XP level 3. HP: 25/28 MP: 7/7
   592 | D:1      | Found a faded altar of an unknown god.
   923 | D:2      | Reached skill level 1 in Invocations
  1617 | D:2      | Reached skill level 1 in Short Blades
  1617 | D:2      | Reached skill level 1 in Long Blades
  1617 | D:2      | Reached skill level 1 in Axes
  1617 | D:2      | Reached skill level 1 in Maces & Flails
  1617 | D:2      | Reached skill level 1 in Polearms
  1617 | D:2      | Reached skill level 1 in Staves
  1617 | D:2      | Reached skill level 1 in Slings
  1617 | D:2      | Reached skill level 1 in Crossbows
  1617 | D:2      | Reached skill level 1 in Throwing
  1617 | D:2      | Reached skill level 1 in Armour
  1617 | D:2      | Reached skill level 1 in Stealth
  1617 | D:2      | Reached skill level 1 in Shields
  1617 | D:2      | Reached skill level 1 in Unarmed Combat
  1617 | D:2      | Reached skill level 1 in Evocations
  1796 | D:2      | Reached XP level 4. HP: 34/34 MP: 8/8
  2117 | D:3      | Identified the +1 scale mail "Tilag" {rF- rC++ SInv}
  2247 | D:3      | Reached skill level 1 in Conjurations
  2247 | D:3      | Reached skill level 1 in Summonings
  2247 | D:3      | Reached skill level 1 in Necromancy
  2247 | D:3      | Reached skill level 1 in Translocations
  2247 | D:3      | Reached skill level 1 in Transmutations
  2247 | D:3      | Reached skill level 1 in Fire Magic
  2247 | D:3      | Reached skill level 1 in Ice Magic
  2247 | D:3      | Reached skill level 1 in Air Magic
  2247 | D:3      | Reached skill level 1 in Earth Magic
  2247 | D:3      | Reached skill level 1 in Poison Magic
  2475 | D:3      | Reached XP level 5. HP: 40/40 MP: 9/9
  2665 | D:3      | Found a burning altar of Makhleb.
  2668 | D:3      | Found a sparkling altar of Nemelex Xobeh.
  2868 | D:4      | Identified the +3 hand axe of Compassion {freeze, rElec}
  3149 | D:4      | Found Tivvamet's Firing Range.
  3252 | D:4      | Reached XP level 6. HP: 47/47 MP: 10/10
  3274 | D:4      | Reached skill level 5 in Bows
  3274 | D:4      | Reached skill level 5 in Dodging
  3391 | D:4      | Reached XP level 7. HP: 52/52 MP: 12/12
  3428 | D:4      | Found a staircase to the Ecumenical Temple.
  3437 | Temple   | Entered the Ecumenical Temple
  3494 | Temple   | Became a worshipper of Ashenzari the Shackled
  3769 | D:4      | Found Jiockiwn's Distillery.
  3772 | D:4      | Bought a potion of curing for 39 gold pieces
  3772 | D:4      | Bought a potion of heal wounds for 65 gold pieces
  3859 | D:5      | Entered Level 5 of the Dungeon
  4647 | D:5      | Slain by an orc warrior

Illustrated notes

Levels and vault maps discovered:
D:1:      heliophobic_arrival_ceremonial_halls, layout_basic,
          chequers_ecumenical_altar_island, minmay_domino_4
D:2:      layout_loops_cross
D:3:      layout_loops_corners, gammafunk_temple_overflow_pools, minivault_26,
          kennysheep_generic_room_3
D:4:      layout_cave_pools, minmay_temple_entry_junction, serial_shops,
          kennysheep_mini, nicolae_shop_firing_range
D:5:      minmay_chambers_of_threes, layout_basic
Temple:   kb_temple_of_zot

Skill      XL: |  1  2  3  4  5  6  7 |
---------------+----------------------+-----
Invocations    | 1 2 3 |  3.0
Short Blades   | 1 2 |  2.7
Long Blades    | 1 2 |  2.7
Axes           | 1 2 |  2.7
Maces & Flails | 1 2 |  2.7
Polearms       | 1 2 |  2.7
Staves         | 1 2 |  2.7
Slings         | 1 2 |  2.7
Crossbows      | 1 2 |  2.7
Throwing       | 1 2 |  2.7
Armour         | 1 2 |  2.7
Stealth        | 1 2 |  2.7
Shields        | 1 2 |  2.7
Unarmed Combat | 1 2 |  2.7
Evocations     | 1 2 |  2.7
Spellcasting   | 3 4 |  4.0
Conjurations   | 1 2 |  2.2
Summonings     | 1 2 |  2.2
Necromancy     | 1 2 |  2.2
Translocations | 1 2 |  2.2
Transmutations | 1 2 |  2.2
Fire Magic     | 1 2 |  2.2
Ice Magic      | 1 2 |  2.2
Air Magic      | 1 2 |  2.2
Earth Magic    | 1 2 |  2.2
Poison Magic   | 1 2 |  2.2
Fighting       | 3 |  3.8
Bows           | 5 |  5.4
Dodging        | 5 |  5.4
Hexes          | |  5.9

Action                   |  1- 3 |  4- 6 |  7- 9 || total
-------------------------+-------+-------+-------++-------
Melee: Dagger            |       |     8 |       ||     8
       Bite              |       |     4 |     6 ||    10
       Hand axe          |       |    15 |    49 ||    64
       Punch             |       |       |     1 ||     1
 Fire: Shortbow          |   125 |   143 |    68 ||   336
Throw: Dart              |       |    16 |     5 ||    21
 Cast: Slow              |    15 |    16 |    16 ||    47
Armor: Robe              |     5 |    13 |     9 ||    27
Dodge: Dodged            |    28 |    80 |    46 ||   154

Table legend: (Time is in decaauts)
 A = Elapsed time spent in this place.
 B = Non-inter-level travel time spent in this place.
 C = Inter-level travel time spent in this place.
 D = Time resting spent in this place.
 E = Time spent auto-exploring this place.
 F = Levels seen in this place.
 G = Mean time per level.
                   A        B        C        D        E       F      G
               +--------+--------+--------+--------+--------+-----+--------+
         Total |   4753 |   4373 |    380 |    216 |   2844 |   6 |  792.2 |
       Dungeon |   4623 |   4263 |    360 |    216 |   2747 |   5 |  924.6 |
        Temple |    129 |    109 |     20 |      0 |     97 |   1 |  129.0 |
               +--------+--------+--------+--------+--------+-----+--------+

Top non-repeatable levels by time:
     D:1: 1160 daAuts
     D:3: 1049 daAuts
     D:4: 934 daAuts
     D:2: 884 daAuts
     D:5: 594 daAuts
  Temple: 129 daAuts
